 Dungeon Crawl Stone Soup version 0.19.5 (webtiles) character file.

17492 greprep the Unseen (level 12, 0/54 HPs)
             Began as a Spriggan Enchanter on May 5, 2017.
             Was an Elder of Dithmenos.
             Slain by a troll (10 damage)
             ... on level 2 of the Orcish Mines.
             The game lasted 00:55:21 (12877 turns).

greprep the Unseen (Spriggan Enchanter)            Turns: 12877, Time: 00:55:21

Health: 0/54       AC:  7    Str:  8    XL:     12   Next: 19%
Magic:  13/28      EV: 20    Int: 18    God:    Dithmenos [****..]
Gold:   684        SH:  8    Dex: 16    Spells: 5 memorised, 22 levels left

rFire  . . .     SeeInvis +     S - +3 dagger (drain)
rCold  . . .     Gourm    .     B - +2 robe {Archmagi}
rNeg   + . .     Faith    .     g - +0 buckler {AC+3}
rPois  .         Spirit   .     (helmet restricted)
rElec  .         Reflect  +     (no cloak)
rCorr  .         Harm     .     (gloves unavailable)
MR     ++...                    (boots unavailable)
Stlth  +++++++++.               t - +3 amulet of reflection
                                l - ring of positive energy
                                N - ring of wizardry

@: wreathed by umbra, very quick
A: unfitting armour, see invisible, herbivore 3, speed 3, slow metabolism 2
a: Shadow Step, Renounce Religion


You were on level 2 of the Orcish Mines.
You worshipped Dithmenos.
Dithmenos was greatly pleased with you.
You were not hungry.

You visited 2 branches of the dungeon, and saw 13 of its levels.

You collected 1352 gold pieces.
You spent 668 gold pieces at shops.

Inventory:

Hand Weapons
 f - a +3 dagger of holy wrath
 j - a +1 dagger of venom
 k - a +2 dagger of protection
 S - a +3 dagger of draining (weapon)
Armour
 g - a +0 buckler of protection (worn)
 B - a +2 robe of the Archmagi (worn)
 D - a +0 troll leather armour
 E - a +0 troll leather armour
 Q - a +0 troll leather armour
Jewellery
 l - a ring of positive energy (right hand)
 t - a +3 amulet of reflection (around neck)
 v - an uncursed ring of magical power
 N - a ring of wizardry (left hand)
Wands
 n - a wand of paralysis (12/24)
 p - a wand of paralysis (17/24)
 O - a wand of iceblast (3/15)
Scrolls
 i - 2 scrolls of fear
 m - a scroll of teleportation
 o - a scroll of silence {unknown}
 u - 6 scrolls of remove curse
 w - a scroll of enchant armour {unknown}
 y - a scroll of magic mapping {unknown}
 C - 2 scrolls of fog {unknown}
 F - a scroll of amnesia {unknown}
 I - a scroll of holy word {unknown}
 J - a scroll of vulnerability {unknown}
Potions
 a - 2 potions of cure mutation
 b - a potion of resistance
 e - 7 potions of curing
 q - 3 potions of agility
 r - a potion of berserk rage
 s - 3 potions of lignification
 x - 2 potions of brilliance
 z - 3 potions of haste
 A - a potion of experience
 K - a potion of ambrosia {unknown}
 R - 5 potions of heal wounds
Books
 c - a book of Maledictions

   Spells                             Type                      Level
   a - Corona                         Hexes                        1
   b - Ensorcelled Hibernation        Hexes/Ice                    2
   c - Confuse                        Hexes                        3
   d - Tukima's Dance                 Hexes                        3
   e - Dazzling Spray                 Conjuration/Hexes            3
 G - a book of Unlife

   Spells                             Type                      Level
   a - Recall                         Summoning/Translocation      3
   b - Animate Dead                   Necromancy                   4
   c - Control Undead                 Necromancy                   4
   d - Cigotuvi's Embrace             Necromancy                   5
   e - Death Channel                  Necromancy                   6
   f - Simulacrum                     Ice/Necromancy               6
 H - a book of Death

   Spells                             Type                      Level
   a - Corpse Rot                     Necromancy                   2
   b - Sublimation of Blood           Necromancy                   2
   c - Agony                          Necromancy                   5
   d - Dispel Undead                  Necromancy                   5
   e - Excruciating Wounds            Charms/Necromancy            5
   f - Bolt of Draining               Conjuration/Necromancy       5
 M - a book of Clouds

   Spells                             Type                      Level
   a - Mephitic Cloud                 Conjuration/Poison/Air       3
   b - Conjure Flame                  Conjuration/Fire             3
   c - Poisonous Cloud                Conjuration/Poison/Air       6
   d - Freezing Cloud                 Conjuration/Ice/Air          6
   e - Ring of Flames                 Charms/Fire                  7
Comestibles
 d - 4 bread rations
 L - 10 royal jellies
 P - 3 fruits


   Skills:
 + Level 1.8 Fighting
 + Level 6.0 Short Blades
 + Level 5.5 Dodging
 + Level 17.8 Stealth
 * Level 0.8 Shields
 + Level 11.1 Spellcasting
 + Level 10.3 Hexes
 * Level 3.9 Necromancy
 + Level 5.0 Ice Magic
 + Level 0.8 Invocations


You had 22 spell levels left.
You knew the following spells:

 Your Spells              Type           Power        Failure   Level  Hunger
a - Corona                Hex            ######.      1%          1    None
b - Ensorcelled Hibernat  Hex/Ice        ######       1%          2    None
c - Confuse               Hex            ######..     1%          3    None
d - Tukima's Dance        Hex            ######..     1%          3    None
e - Corpse Rot            Necr           N/A          1%          2    None


Dungeon Overview and Level Annotations

Branches:
Dungeon (11/15)            Temple (0/1) D:7            Lair (0/6) D:8
    Orc (2/2) D:10            Elf (0/3) Orc:2

Altars:
Ashenzari
Cheibriados
Dithmenos
Elyvilon
Gozag
Hepliaklqana
Kikubaaqudgha
Makhleb
Nemelex Xobeh
Ru
Uskayaw
Vehumet
The Shining One
Beogh

Shops:
Orc:1 [(   Orc:2 !


Innate Abilities, Weirdness & Mutations

You are very small and have problems with some larger weapons.
You are too small for most types of armour.
You have supernaturally acute eyesight. (SInv)
You are a herbivore.
You cover ground extremely quickly.
You need consume almost no food.


Message History

The troll bites you but does no damage. You block the troll's attack.
The troll closely misses you. You block the orc warrior's attack.
You block the troll's attack. x2; The troll claws you.
Casting: Ensorcelled Hibernation
Confirm with . or Enter, or press ? or * to list all spells.
Aiming: Ensorcelled Hibernation
Press: ? - help, Shift-Dir - straight line, f - orc warrior
Aim: an orc warrior, wielding a scimitar and wearing a chain mail (unusually strong, umbra, chance to defeat MR: 72%)
You feel a surge of power!
The orc warrior struggles to resist.
The orc warrior hits you with a scimitar!!
* * * LOW HITPOINT WARNING * * *
You emit a cloud of dark smoke.
Casting: Ensorcelled Hibernation
Confirm with . or Enter, or press ? or * to list all spells.
Aiming: Ensorcelled Hibernation
Press: ? - help, Shift-Dir - straight line, f/p - orc warrior
Aim: an orc warrior, wielding a scimitar and wearing a chain mail (black smoke, unusually strong, umbra, chance to defeat MR: 72%)
You feel a surge of power!
The orc warrior looks drowsy...
You block the troll's attack. The troll claws you!
You die...

####################
.#....#.....#.#.##.## #####
....................## ###...#
.....................# ##.#..##
.....................# #.....####
...........#.#....#..###.......#.
........)o.o#§#§§................
....o.....)#ooo§@§...#...........
...........o#§#T§##.##.....#.#...
........#..#.#.§.####.....#####..
.o............#.## #.....#.#.....
.........#.....## ####..........
....##...#......# #............
.... #...##.##.## #...........
.........####### ###.......###
... ....## ##.##...∩..###


You could see a troll and an orc warrior (sleeping).

Vanquished Creatures
  Erolcha (D:10)
  A hydra (D:9)
  A centaur warrior (D:9)
  An unseen horror (D:11)
  2 hill giants
  2 orc knights (Orc:2)
  A gargoyle (D:10)
  5 trolls
  2 hornets (D:11)
  2 hippogriffs
  4 wraiths
  2 wyverns (D:10)
  14 yaks
  2 wargs (D:8)
  4 soldier ants
  4 ice beasts
  9 orc warriors
  4 sky beasts
  A phantom (D:11)
  A black bear (D:8)
  A necrophage (D:8)
  5 centaurs
  11 ogres
  A crocodile (D:11)
  2 big kobolds
  Blork the orc (D:6)
  7 bullfrogs
  3 scorpions
  10 killer bees
  9 wights
  8 howler monkeys
  8 crimson imps
  A centaur zombie (D:11)
  7 hounds
  2 quasits
  3 bullfrog skeletons
  3 jellies
  13 orc priests
  17 orc wizards
  2 centaur skeletons
  2 iguanas
  12 worker ants
  A killer bee zombie (D:9)
  A hound skeleton (D:9)
  A worker ant zombie (D:11)
  9 adders
  A shadow imp (D:8)
  4 worms
  A dart slug (D:5)
  5 leopard geckos
  41 orcs
  3 bats
  10 giant cockroaches
  9 goblins
  3 hobgoblins
  8 jackals
  9 quokkas
  2 ball pythons (D:1)
  2 frilled lizards
  A jackal zombie (D:8)
  16 kobolds
  2 leopard gecko skeletons
  4 rats
324 creatures vanquished.

Vanquished Creatures (collateral kills)
  7 wights
7 creatures vanquished.

Vanquished Creatures (others)
  2 dancing weapons (D:6)
2 creatures vanquished.

Grand Total: 333 creatures vanquished

Notes
Turn   | Place    | Note
-------+----------+-------------------------------------------
     0 | D:1      | greprep the Spriggan Enchanter began the quest for the Orb.
     0 | D:1      | Reached XP level 1. HP: 9/9 MP: 5/5
     6 | D:1      | Noticed a soldier ant
     6 | D:1      | Noticed a basilisk
     7 | D:1      | Noticed a centaur
   184 | D:1      | Reached XP level 2. HP: 13/13 MP: 3/6
   225 | D:1      | Learned a level 2 spell: Ensorcelled Hibernation
   227 | D:1      | Reached skill level 5 in Stealth
   829 | D:2      | Found a shadowy altar of Dithmenos.
   831 | D:2      | Reached XP level 3. HP: 13/16 MP: 0/8
   838 | D:2      | Became a worshipper of Dithmenos the Shadowed
  1155 | D:2      | Learned a level 3 spell: Confuse
  1607 | D:3      | Reached skill level 6 in Stealth
  1607 | D:3      | Reached skill level 1 in Ice Magic
  1607 | D:3      | Reached XP level 4. HP: 21/21 MP: 9/9
  1839 | D:3      | Noticed an ogre
  1851 | D:3      | Killed an ogre
  1851 | D:3      | Reached XP level 5. HP: 24/24 MP: 5/10
  2105 | D:3      | Reached * piety under Dithmenos
  2199 | D:4      | Reached skill level 7 in Stealth
  2409 | D:4      | Noticed an ogre
  2414 | D:4      | Killed an ogre
  2414 | D:4      | Reached XP level 6. HP: 28/28 MP: 12/12
  2425 | D:4      | Reached skill level 8 in Stealth
  2791 | D:5      | Entered Level 5 of the Dungeon
  2798 | D:5      | Noticed an ice beast
  2805 | D:5      | Killed an ice beast
  2805 | D:5      | Reached skill level 9 in Stealth
  2805 | D:5      | Reached XP level 7. HP: 32/32 MP: 13/13
  3121 | D:5      | Reached skill level 10 in Stealth
  3181 | D:5      | Reached skill level 5 in Hexes
  3356 | D:6      | Reached ** piety under Dithmenos
  3433 | D:6      | Reached XP level 8. HP: 26/37 MP: 9/15
  3560 | D:6      | Noticed Blork the orc
  3563 | D:6      | Reached skill level 11 in Stealth
  3573 | D:6      | Killed Blork the orc
  3837 | D:6      | Reached skill level 5 in Spellcasting
  3914 | D:6      | Learned a level 3 spell: Tukima's Dance
  4341 | D:6      | Found a radiant altar of Vehumet.
  4342 | D:6      | Found a white marble altar of Elyvilon.
  4344 | D:6      | Found a glowing golden altar of the Shining One.
  4346 | D:6      | Found a shattered altar of Ashenzari.
  4346 | D:6      | Found a hazy altar of Hepliaklqana.
  4346 | D:6      | Found a sparkling altar of Nemelex Xobeh.
  4347 | D:6      | Found a hide-covered altar of Uskayaw.
  4348 | D:6      | Found a sacrificial altar of Ru.
  4349 | D:6      | Found a snail-covered altar of Cheibriados.
  4350 | D:6      | Found an opulent altar of Gozag.
  4351 | D:6      | Found an ancient bone altar of Kikubaaqudgha.
  4451 | D:7      | Noticed a hill giant
  4456 | D:7      | Killed a hill giant
  4456 | D:7      | Reached skill level 12 in Stealth
  4456 | D:7      | Reached XP level 9. HP: 40/40 MP: 19/19
  4602 | D:7      | Reached *** piety under Dithmenos
  4607 | D:7      | Reached skill level 1 in Fighting
  4776 | D:7      | Reached skill level 13 in Stealth
  5474 | D:7      | Found a staircase to the Ecumenical Temple.
  5857 | D:7      | Found a burning altar of Makhleb.
  5964 | D:7      | Reached skill level 14 in Stealth
  6113 | D:8      | Reached skill level 5 in Dodging
  6204 | D:8      | Found a staircase to the Lair.
  6546 | D:8      | Reached XP level 10. HP: 45/45 MP: 21/23
  7967 | D:9      | Reached skill level 15 in Stealth
  8162 | D:9      | Found a flagged portal.
  8209 | D:9      | Noticed a centaur warrior
  8218 | D:9      | Killed a centaur warrior
  8218 | D:9      | Reached skill level 5 in Short Blades
  8386 | D:9      | Noticed a four-headed hydra
  8392 | D:9      | Killed a four-headed hydra
  8392 | D:9      | Reached skill level 16 in Stealth
  8467 | D:9      | Learned a level 2 spell: Corpse Rot
  8826 | D:10     | Entered Level 10 of the Dungeon
  8853 | D:10     | Reached XP level 11. HP: 26/49 MP: 21/25
  8859 | D:10     | Reached skill level 10 in Spellcasting
  9433 | D:10     | Found a staircase to the Orcish Mines.
  9466 | Orc:1    | Entered Level 1 of the Orcish Mines
  9466 | Orc:1    | Found Rungoliff's Antique Weapon Emporium.
  9721 | D:10     | Noticed a hill giant
  9723 | D:10     | Killed a hill giant
 10190 | D:10     | Reached skill level 1 in Necromancy
 10642 | D:10     | Noticed Erolcha
 10647 | D:10     | Killed Erolcha
 10656 | D:10     | You fall through a shaft!
 10665 | D:11     | Reached skill level 17 in Stealth
 10971 | D:11     | Noticed an unseen horror
 10977 | D:11     | Killed an unseen horror
 11294 | D:11     | Reached skill level 10 in Hexes
 11342 | D:11     | Reached XP level 12. HP: 54/54 MP: 7/27
 11359 | D:11     | Reached **** piety under Dithmenos
 12380 | Orc:1    | Found Duiganeof's Antique Armour Shoppe.
 12391 | Orc:1    | Bought a glowing buckler for 304 gold pieces
 12573 | Orc:2    | Entered Level 2 of the Orcish Mines
 12576 | Orc:2    | Reached skill level 5 in Ice Magic
 12586 | Orc:2    | Found a staircase to the Elven Halls.
 12728 | Orc:2    | Found a roughly hewn altar of Beogh.
 12745 | Orc:2    | Found Ynuilo's Distillery.
 12756 | Orc:2    | Bought a potion of heal wounds for 70 gold pieces
 12756 | Orc:2    | Bought a potion of curing for 42 gold pieces
 12756 | Orc:2    | Bought a potion of heal wounds for 70 gold pieces
 12756 | Orc:2    | Bought a potion of curing for 42 gold pieces
 12756 | Orc:2    | Bought a potion of heal wounds for 70 gold pieces
 12756 | Orc:2    | Bought a potion of heal wounds for 70 gold pieces
 12877 | Orc:2    | Slain by a troll

Skill      XL: |  1  2  3  4  5  6  7  8  9 10 11 12 |
---------------+-------------------------------------+-----
Stealth        | 5 6 7 9 10 12 14 16 17 | 17.8
Hexes          | 4 5 6 7 8 10 | 10.3
Spellcasting   | 3 4 6 8 9 10 11 | 11.1
Ice Magic      | 1 2 3 4 5 |  5.0
Short Blades   | 2 3 4 5 6 |  6.0
Dodging        | 4 5 |  5.5
Fighting       | 1 |  1.8
Necromancy     | 3 |  3.9
Shields        | |  0.8
Invocations    | |  0.8

Action                   |  1- 3 |  4- 6 |  7- 9 | 10-12 || total
-------------------------+-------+-------+-------+-------++-------
Melee: Dagger            |    75 |    25 |   158 |   275 ||   533
 Cast: Corona            |     6 |       |       |       ||     6
       Ensorcelled Hiber |    23 |    11 |    55 |   154 ||   243
       Confuse           |       |       |    16 |    36 ||    52
       Tukima's Dance    |       |       |    11 |     6 ||    17
       Corpse Rot        |       |       |       |     5 ||     5
Invok: Shadow Step       |       |       |     4 |    10 ||    14
  Use: Scroll            |       |       |    13 |    12 ||    25
       Potion            |       |       |     3 |     2 ||     5
 Stab: Sleeping          |    28 |    17 |    67 |   148 ||   260
       Confused          |       |       |    13 |     9 ||    22
       Distracted        |       |       |     3 |     3 ||     6
  Eat: Bread ration      |       |     1 |     1 |       ||     2
Armor: Robe              |     5 |     1 |     5 |    12 ||    23
Dodge: Dodged            |    68 |    15 |    86 |   134 ||   303
Block: Other             |       |       |    10 |    13 ||    23
       Reflection        |       |       |       |     1 ||     1
       Buckler           |       |       |       |     6 ||     6
